 Dungeon Crawl Stone Soup version 0.19-a0-1907-gcff654f (webtiles) character file.

7 Ijustatesigmund the Sneak (level 2, 22/22 HPs)
             Began as a Naga Wizard on Oct 21, 2016.
             Got out of the dungeon alive.
             The game lasted 00:01:54 (503 turns).

Ijustatesigmund the Sneak (Naga Wizard)              Turns: 503, Time: 00:01:54

Health: 22/22      AC:  1    Str:  9    XL:     2   Next: 0%
Magic:  6/6        EV: 10    Int: 18    God:
Gold:   0          SH:  0    Dex:  9    Spells: 3 memorised, 2 levels left

rFire  . . .     SeeInvis +     e - -3 dagger (curse)
rCold  . . .     Gourm    .     a - +0 robe
rNeg   . . .     Faith    .     (no shield)
rPois  +         Spirit   .     b - +0 hat
rElec  .         Reflect  .     (no cloak)
rCorr  .         Harm     .     (no gloves)
MR     .....                    (no barding)
Stlth  ++........               (no amulet)
                                (no ring)
                                (no ring)

@: very slow
A: see invisible, deformed body, poison resistance, slowness 2, slow metabolism
1, spit poison 1, AC +0
a: Spit Poison


You escaped.
You were not hungry.

You visited 1 branch of the dungeon, and saw 1 of its levels.

Inventory:

Hand Weapons
 e - a cursed -3 dagger (weapon)
 f - a +0 whip
Armour
 a - a +0 robe (worn)
 b - a +0 hat (worn)
Books
 c - a book of Minor Magic

   Spells                             Type                      Level
   a - Magic Dart                     Conjuration                  1
   b - Blink                          Translocation                2
   c - Call Imp                       Summoning                    2
   d - Repel Missiles                 Charms/Air                   2
   e - Slow                           Hexes                        2
   f - Conjure Flame                  Conjuration/Fire             3
   g - Mephitic Cloud                 Conjuration/Poison/Air       3
Comestibles
 d - a bread ration


   Skills:
 - Level 1.5 Dodging
 - Level 3.0 Stealth
 - Level 3.0 Spellcasting
 + Level 2.0 Conjurations
   Level 1.0 Summonings
 - Level 1.0 Translocations


You had 2 spell levels left.
You knew the following spells:

 Your Spells              Type           Power        Failure   Level  Hunger
a - Magic Dart            Conj           #...         10%         1    None
b - Blink                 Tloc           N/A          17%         2    ##.....
c - Slow                  Hex            #.......     28%         2    ##.....


Dungeon Overview and Level Annotations

Branches:
Dungeon (1/15)

Altars:


Innate Abilities, Weirdness & Mutations

You cannot wear boots.
Your serpentine skin is tough. (AC +0)
You have supernaturally acute eyesight. (SInv)
Armour fits poorly on your strangely shaped body.
Your system is resistant to poisons. (rPois)
You cover ground very slowly.
You have a slow metabolism.
You can spit poison.


Message History

Unknown command.
Unknown command.
Casting: Magic Dart
Confirm with . or Enter, or press ? or * to list all spells.
You can't see any susceptible monsters within range! (Use Z to cast anyway.) Unknown command.
Unknown command.
Unknown command.
Casting: Magic Dart
Confirm with . or Enter, or press ? or * to list all spells.
Okay, then.
Unknown command.
Unknown command.
There is a stone staircase leading down here.
You see here a kobold corpse.
You enter the shallow water.
Moving in this stuff is going to be slow.
There is a staircase leading out of the dungeon here.
Are you sure you want to leave the Dungeon?
This will make you lose the game!
You have escaped!

## #### #####.# ###≈##..##
#######...#.#
###.≈≈.###.###.#.#..####.#
#..≈≈.....≈.....#.÷#####.#.
#.≈≈≈≈≈.≈.≈≈≈≈≈.##....#.#.#.
#≈≈≈≈≈.≈≈≈.≈≈≈≈≈...≈.##...#.
#.≈≈≈.≈≈≈≈≈.≈≈≈.≈÷≈..#..#†#.
###..≈≈≈≈≈≈≈.≈≈≈≈≈≈.##.##.#.
#..≈≈≈≈≈.@.≈≈≈≈≈.##.###.#.
##≈≈≈≈≈≈≈≈≈≈≈≈≈≈≈..## #.#.
#..≈≈≈≈≈≈.≈≈≈≈≈≈..#..##..>
###.≈≈≈≈≈≈.≈≈.≈≈...####.#.
....≈≈≈≈≈.≈≈...### #.#.
.≈≈....≈≈.##≈.#.. #.#.
...##########...# #.#. ###
#### #... ##..


There were no monsters in sight!

Vanquished Creatures
  A dart slug (D:1)
  A goblin (D:1)
  2 bats (D:1)
  A kobold (D:1)
  A rat (D:1)
6 creatures vanquished.

Notes
Turn   | Place    | Note
-------+----------+-------------------------------------------
     0 | D:1      | Ijustatesigmund the Naga Wizard began the quest for the Orb.
     0 | D:1      | Reached XP level 1. HP: 15/15 MP: 4/4
   420 | D:1      | Reached XP level 2. HP: 22/22 MP: 0/6
   424 | D:1      | Learned a level 2 spell: Blink
   427 | D:1      | Learned a level 2 spell: Slow
   503 | D:$      | Got out of the dungeon alive.

Vault maps used:
D:1:      dpeg_arrival_subterranean_lakeside_camping, minmay_box_of_dots

Skill      XL: |  1 |
---------------+----+-----
Conjurations   | 2 |  2.0
Dodging        | |  1.5
Stealth        | |  3.0
Spellcasting   | |  3.0
Summonings     | |  1.0
Translocations | |  1.0

Action                   || total
-------------------------++-------
Melee: Dagger            ||    13
 Cast: Magic Dart        ||    14
 Abil: Spit Poison       ||     1
Armor: Robe              ||    11
Dodge: Dodged            ||    17
